 Dungeon Crawl Stone Soup version 0.28.0-53-g5a82cb258f (webtiles) character file.

Game seed: 17796259643808850924

11666 protoss039 the Fighter (level 11, 0/93 HPs)
             Began as a Demonspawn Earth Elementalist on June 7, 2022.
             Was a Priest of Vehumet.
             Slain by a troll (4 damage)
             ... on level 11 of the Dungeon.
             The game lasted 00:24:24 (15693 turns).

protoss039 the Fighter (DsEE)                      Turns: 15693, Time: 00:24:24

Health: 0/93       AC: 11    Str:  9    XL:     11   Next: 52%
Magic:  15/22      EV: 17    Int: 26    God:    Vehumet [***...]
Gold:   599        SH:  5    Dex: 14    Spells: 9/24 levels left

rFire   . . .      SeeInvis .   E - +5 broad axe (venom)
rCold   . . .      Faith    .   (no shield)
rNeg    + . .      Spirit   .   j - +0 steam dragon scales
rPois   .          Reflect  +   (no helmet)
rElec   .          Harm     .   h - +0 cloak
rCorr   .          Rampage  .   t - +0 pair of gloves
Will    .....                   y - +0 pair of boots
Stlth   ++........              e - amulet of reflection
HPRegen 0.25/turn               A - ring of positive energy
MPRegen 0.36/turn               C - +6 ring of intelligence

@: mighty, agile, very slightly contaminated, studying Long Blades
A: molten scales 1, powered by pain 1, magic regeneration, demonic touch 1
a: Renounce Religion


You were on level 11 of the Dungeon.
You worshipped Vehumet.
Vehumet was most pleased with you.
You visited 1 branch of the dungeon, and saw 11 of its levels.

You collected 599 gold pieces.

Inventory:

Hand Weapons
 E - a +5 broad axe of venom (weapon)
Missiles
 c - 244 stones
Armour
 h - a +0 cloak (worn)
 j - +0 steam dragon scales (worn)
 t - a +0 pair of gloves (worn)
 y - a +0 pair of boots (worn)
Jewellery
 e - an amulet of reflection (around neck)
 A - a ring of positive energy (left hand)
 C - a +6 ring of intelligence (right hand)
Wands
 s - a wand of flame (76)
 w - a wand of iceblast (15)
Scrolls
 g - 5 scrolls of identify
 l - 2 scrolls of magic mapping
 p - a scroll of teleportation
 r - 2 scrolls of fog
 u - 2 scrolls of enchant armour
 v - a scroll of immolation
 x - a scroll of amnesia
 B - a scroll of silence
 D - 2 scrolls of summoning
 H - a scroll of enchant weapon
Potions
 a - a potion of lignification {unknown}
 b - 2 potions of curing
 d - a potion of attraction {unknown}
 f - a potion of might {unknown}
 i - 2 potions of invisibility {unknown}
 k - 4 potions of haste
 m - 4 potions of flight
 n - a potion of ambrosia {unknown}
 o - a potion of resistance
 q - 4 potions of cancellation
 z - 2 potions of heal wounds
 I - a potion of mutation {unknown}
Miscellaneous
 F - a condenser vane (inert)
 G - a phial of floods (inert)


   Skills:
 * Level 11.0 Fighting
 + Level 3.4 Armour
 - Level 1.7 Dodging
 - Level 1.7 Stealth
 + Level 7.4 Spellcasting
 + Level 7.8 Conjurations
 + Level 4.8 Necromancy
 - Level 1.0 Transmutations
 + Level 7.7 Earth Magic


You had 9 spell levels left.
You knew the following spells:

 Your Spells              Type           Power      Damage    Failure   Level
a - Sandblast             Erth           98%        2d20      1%          1
b - Passwall              Tmut/Erth      26%        N/A       1%          2
c - Stone Arrow           Conj/Erth      100%       3d13      1%          3
e - Iskenderun's Mystic   Conj/Tloc      29%        2d7       3%          4
i - Borgnjor's Vile Clut  Necr/Erth      21%        N/A       13%         5

Your spell library contained the following spells:

 Spells                   Type           Power      Damage    Failure   Level
 Conjure Flame            Conj/Fire      29%        6-21      1%          3
 Poisonous Vapours        Pois/Air       18%        N/A       2%          2
 Corpse Rot               Necr/Air       44%        N/A       3%          2
 Sticky Flame             Conj/Fire      29%        2d5       3%          4
 Beastly Appendage        Tmut           28%        N/A       4%          1
 Ignite Poison            Fire/Tmut/Pois 11%        N/A       4%          3
 Wereblood                Tmut           14%        N/A       6%          2
 Animate Dead             Necr           17%        N/A       9%          4
 Petrify                  Tmut/Erth      32%        N/A       10%         4
 Spider Form              Tmut/Pois      12%        N/A       14%         3
 Death Channel            Necr           17%        N/A       77%         6


Dungeon Overview and Level Annotations

Branches:
Dungeon (11/15)            Temple (0/1) D:6            Lair (0/6) D:9
    Orc (0/2) D:9

Altars:
Dithmenos
Elyvilon
Hepliaklqana
Nemelex Xobeh
Qazlal
Ru
Sif Muna
Vehumet
The Shining One

Shops:
D:11 =

Annotations:
D:9 3 runed translucent doors, LohmatiyShmel's ghost, novice MiFi
D:11 Fannar


Innate Abilities, Weirdness & Mutations

You are partially covered in molten scales. (AC +2)
You sometimes gain a little power by taking damage.
You regenerate magic rapidly.
Your touch may inflict minor irresistible damage on your foes.


Message History

Unknown command.
Casting: Iskenderun's Mystic Blast (dangerous; 3% risk of failure)
Confirm with . or Enter, or press ? or * to list all spells.
You miscast Iskenderun's Mystic Blast.
You are very lightly contaminated with residual magic.
Nothing appears to happen.
The yak completely misses you. The centaur warrior zombie misses you.
The centaur warrior zombie kicks you but does no damage.
Unknown command.
Unknown command.
Casting: Iskenderun's Mystic Blast (dangerous; 3% risk of failure)
Confirm with . or Enter, or press ? or * to list all spells.
You erupt in a blast of force!
The mystic blast hits the troll!
The troll is severely wounded.
The troll is knocked back by the mystic blast.
The troll slams into the rock wall!
The troll is almost dead.
The mystic blast hits the two-headed ogre!
The two-headed ogre is moderately wounded.
The two-headed ogre is knocked back by the mystic blast.
The mystic blast hits the yak!
The yak is heavily wounded.
The yak is knocked back by the mystic blast.
The mystic blast hits the yak.
The yak is almost dead.
The yak is knocked back by the mystic blast.
The mystic blast hits the centaur warrior zombie!
The centaur warrior zombie is almost destroyed.
The centaur warrior zombie is knocked back by the mystic blast.
The troll closely misses you. The troll completely misses you.
The troll misses you.
Unknown command.
Unknown command.
Unknown command.
The troll bites you!
* * * LOW HITPOINT WARNING * * *
The troll claws you!
* * * LOW HITPOINT WARNING * * *
The troll claws you.
You die...

,,,*,,,,,** ,,,,,,,,,,**
,,,,,,,,,,,* ,,,,,,,,,,,* **#
,,,,,,,,,,,* *,. ,,,,,,,,,,,*
######### *..
,,,,,,,,,..#######...#...######..
,,,,,,,,,......T.Z........#......
,,,,,,,,,,....##@.O...........≈≈.
,,,,,,,,,*#*#>................≈≈.
,,,,,,,,,***#.Y.Y.............)≈.
,,,,,,,,,**....>.[...............
,,,,,,,,,...#........#...........
,,,,,,,,,##*#......)..#..........
,,,,,,,,,,,,#......##.H..........
,,,,,,,,,**,#.....###.[...#......
,,,,,,,,,**,.....................


You could see a two-headed ogre, a manticore, 2 yaks, a troll and a centaur
warrior zombie.

Vanquished Creatures
  2 centaur warriors (D:8)
  Maggie (D:8)
  A gargoyle (D:11)
  A komodo dragon (D:7)
  A troll (D:9)
  A slime creature (D:8)
  A hornet (D:10)
  Sigmund (D:4)
  2 wraiths
  2 wyverns
  11 yaks
  Grum (D:9)
  2 steam dragons
  3 water moccasins
  An acid dragon (D:9)
  A sky beast (D:8)
  2 ice beasts
  2 orc warriors
  7 ogres
  3 necrophages
  3 wolves (D:9)
  6 centaurs
  A phantom (D:5)
  6 bullfrogs
  A scorpion (D:7)
  8 kobold brigands
  6 gnoll sergeants
  A water moccasin skeleton (D:5)
  3 killer bees (D:9)
  11 wights
  4 howler monkeys
  4 centaur zombies
  5 hounds
  2 jellies
  2 gnoll shamans
  5 orc priests
  2 centaur skeletons
  2 iguanas
  3 orc wizards
  A hound zombie (D:5)
  A howler monkey zombie (D:10)
  9 gnolls
  2 howler monkey skeletons (D:7)
  6 adders
  4 shadow imps
  A white imp (D:7)
  2 ufetubi (D:4)
  3 worms
  3 dart slugs
  24 orcs
  6 bats
  5 endoplasms
  6 giant cockroaches
  7 goblins
  4 hobgoblins
  2 jackals (D:1)
  2 quokkas
  6 ball pythons
  6 frilled lizards
  14 kobolds
  8 rats
  3 bushes (D:2)
246 creatures vanquished.

Vanquished Creatures (others)
  7 plants (D:3)
7 creatures vanquished.

Grand Total: 253 creatures vanquished

Notes
Turn   | Place    | Note
-------+----------+-------------------------------------------
     0 | D:1      | protoss039 the Demonspawn Earth Elementalist began the
                  | quest for the Orb.
     0 | D:1      | Reached XP level 1. HP: 13/13 MP: 3/3
    38 | D:1      | Reached skill level 1 in Transmutations
   633 | D:1      | Gained mutation: Your touch may inflict minor irresistible
                  | damage on your foes. [demonic ancestry]
   633 | D:1      | Reached XP level 2. HP: 20/20 MP: 5/5
   639 | D:1      | Reached skill level 1 in Fighting
  1331 | D:1      | Reached XP level 3. HP: 21/26 MP: 4/6
  1515 | D:1      | Learned a level 2 spell: Passwall
  1519 | D:1      | Learned a level 3 spell: Stone Arrow
  1553 | D:2      | Reached skill level 1 in Armour
  1712 | D:2      | Reached skill level 2 in Fighting
  1712 | D:2      | Gained mutation: You regenerate magic rapidly. [demonic
                  | ancestry]
  1712 | D:2      | Reached XP level 4. HP: 30/33 MP: 3/7
  2736 | D:3      | Noticed a water moccasin
  2746 | D:3      | Killed a water moccasin
  2747 | D:3      | Reached skill level 3 in Fighting
  2747 | D:3      | Reached skill level 1 in Conjurations
  2747 | D:3      | Reached XP level 5. HP: 30/41 MP: 0/9
  3408 | D:3      | Found a stormy altar of Qazlal.
  3517 | D:3      | Found a faded altar of an unknown god.
  3917 | D:4      | Noticed Sigmund
  3921 | D:4      | Killed Sigmund
  3922 | D:4      | Gained mutation: You are partially covered in molten
                  | scales. (AC +2) [demonic ancestry]
  3922 | D:4      | Reached XP level 6. HP: 40/47 MP: 0/10
  4029 | D:4      | Found a sacrificial altar of Ru.
  4069 | D:4      | Found a radiant altar of Vehumet.
  4091 | D:4      | Became a worshipper of Vehumet
  4274 | D:4      | Reached XP level 7. HP: 33/53 MP: 2/11
  4722 | D:5      | Entered Level 5 of the Dungeon
  4860 | D:5      | Found a transporter.
  4873 | D:5      | Reached skill level 4 in Fighting
  5164 | D:5      | Found a transporter.
  5476 | D:5      | Found a shadowy altar of Dithmenos.
  5760 | D:5      | Reached skill level 5 in Fighting
  5789 | D:5      | Reached * piety under Vehumet
  5789 | D:5      | Offered knowledge of Magic Dart by Vehumet.
  6274 | D:5      | Reached XP level 8. HP: 58/62 MP: 6/13
  6591 | D:6      | Found a staircase to the Ecumenical Temple.
  7044 | D:6      | Reached skill level 6 in Fighting
  7299 | D:6      | Reached skill level 5 in Earth Magic
  7920 | D:7      | Noticed a komodo dragon
  8429 | D:7      | Gained mutation: You sometimes gain a little power by
                  | taking damage. [demonic ancestry]
  8429 | D:7      | Reached XP level 9. HP: 71/71 MP: 5/16
  8573 | D:7      | Reached skill level 7 in Fighting
  8724 | D:7      | Found a sparkling altar of Nemelex Xobeh.
  8759 | D:7      | Reached skill level 5 in Spellcasting
  8759 | D:7      | Reached skill level 5 in Conjurations
  8868 | D:7      | Reached ** piety under Vehumet
  8890 | D:7      | Offered knowledge of Shock by Vehumet.
  9251 | D:7      | Reached skill level 8 in Fighting
  9677 | D:7      | Killed a komodo dragon
 10483 | D:8      | Reached XP level 10. HP: 36/82 MP: 13/19
 10705 | D:7      | Learned a level 5 spell: Borgnjor's Vile Clutch
 10834 | D:8      | Noticed Maggie
 10844 | D:8      | Killed Maggie
 10844 | D:8      | Offered knowledge of Frozen Ramparts by Vehumet.
 10845 | D:8      | Reached skill level 9 in Fighting
 10845 | D:8      | Reached skill level 1 in Necromancy
 11150 | D:8      | Found a large runed translucent door.
 11150 | D:8      | Found a large runed translucent door.
 11157 | D:8      | Noticed a centaur warrior
 11301 | D:8      | Found a large runed translucent door.
 11301 | D:8      | Found a large runed translucent door.
 11332 | D:8      | Noticed a centaur warrior
 11338 | D:8      | Killed a centaur warrior
 11976 | D:8      | Killed a centaur warrior
 12222 | D:9      | Found a staircase to the Orcish Mines.
 12224 | D:9      | Reached *** piety under Vehumet
 12225 | D:9      | Reached skill level 10 in Fighting
 12225 | D:9      | Reached XP level 11. HP: 91/91 MP: 21/21
 12444 | D:9      | Offered knowledge of Iskenderun's Mystic Blast by Vehumet.
 12826 | D:9      | Found a staircase to the Lair.
 13137 | D:9      | Found a runed translucent gate.
 13137 | D:9      | Found a runed translucent gate.
 13137 | D:9      | Found a runed translucent gate.
 13138 | D:9      | Noticed LohmatiyShmel's ghost (novice MiFi)
 13507 | D:9      | Noticed Grum
 13521 | D:9      | Killed Grum
 14032 | D:10     | Entered Level 10 of the Dungeon
 14110 | D:10     | Found a shimmering blue altar of Sif Muna.
 14238 | D:10     | Found the +4 Cigotuvi's embrace {rMiasma Drain rN+}
 14310 | D:10     | Paralysed by a hornet for 1 turns
 14780 | D:10     | Found a hazy altar of Hepliaklqana.
 15215 | D:11     | Found Xemuposu's Jewellery Emporium.
 15218 | D:11     | Noticed Fannar
 15222 | D:11     | Noticed a seven-headed hydra
 15457 | D:10     | Learned a level 4 spell: Iskenderun's Mystic Blast
 15458 | D:11     | Noticed a two-headed ogre
 15463 | D:11     | Reached skill level 11 in Fighting
 15693 | D:11     | HP: 4/93 [troll (7)]
 15693 | D:11     | Slain by a troll

Illustrated notes

Levels and vault maps discovered:
D:1:      amcnicky_arrival_feature_with_door, layout_basic
D:2:      layout_basic, minmay_hedge_maze, minmay_stone_trees_small,
          grunt_ministairs_7, minmay_indecisive_spiral
D:3:      layout_loops_corners, minitemple,
          shapermc_ecumenical_altar_hornbeckon, minmay_quadrilaterals
D:4:      layout_cave_pools, grunt_temple_overflow_open,
          hangedman_abyss_or_decor_lesser_grid, chequers_serial_rivers_large_b,
          grunt_ministairs_12, minmay_manual_mail, uniq_sigmund
D:5:      gammafunk_wand_slinger, layout_gridville, grunt_dithmenos_shadows
D:6:      layout_loops_ring, minmay_temple_entry_ruins, minivault_23
D:7:      layout_basic, nemelex_altar_shiori, nicolae_tso_swordbearing_angel,
          minmay_circle_x
D:8:      layout_rooms, nicolae_concentric_dashed_squares_mild,
          minmay_hollow_rounded_squares, uniq_maggie
D:9:      layout_stronghold, lair_entry_dummy,
          kennysheep_orc_monster_closet_entryway, ebering_ghost_rock_garden,
          uniq_grum
D:10:     layout_long_grid, mainiacjoe_overflow_surrounded_room,
          marbit_many_paths
D:11:     layout_rooms, serial_shops, bzr_in_the_mist, shop,
          nicolae_lakefront_shop, nicolae_shop_waterfront, uniq_fannar

Skill      XL: |  1  2  3  4  5  6  7  8  9 10 11 |
---------------+----------------------------------+-----
Transmutations | 1 |  1.0
Fighting       | 1 2 3 5 6 8 10 11 | 11.0
Armour         | 1 2 3 |  3.4
Earth Magic    | 3 4 5 6 7 |  7.7
Conjurations   | 1 2 3 4 6 7 |  7.8
Spellcasting   | 3 4 6 7 |  7.4
Necromancy     | 3 4 |  4.8
Dodging        | |  1.7
Stealth        | |  1.7

Action                   |  1- 3 |  4- 6 |  7- 9 | 10-12 || total
-------------------------+-------+-------+-------+-------++-------
Melee: Club              |     8 |       |       |       ||     8
       Spear             |    65 |       |       |       ||    65
       Touch             |     5 |    25 |    29 |    23 ||    82
       Punch             |     1 |       |     1 |     1 ||     3
       Hand axe          |       |   102 |   147 |    12 ||   261
       Broad axe         |       |       |       |    77 ||    77
 Cast: Sandblast         |    22 |    23 |    34 |     3 ||    82
       Stone Arrow       |       |     8 |   108 |    69 ||   185
       Iskenderun's Myst |       |       |       |     7 ||     7
Evoke: Wand              |       |       |       |     3 ||     3
       Condenser vane    |       |       |       |     1 ||     1
       Phial of floods   |       |       |       |     1 ||     1
  Use: Scroll            |       |     8 |     9 |    10 ||    27
 Stab: Sleeping          |     2 |     2 |     1 |     2 ||     7
Armor: Robe              |     5 |     4 |       |       ||     9
       Leather armour    |       |    21 |    69 |     3 ||    93
       Steam dragon scal |       |       |       |   100 ||   100
Dodge: Dodged            |    51 |    44 |   113 |   138 ||   346
Block: Other             |       |    20 |    47 |    53 ||   120
       Reflection        |       |     1 |     5 |     1 ||     7
